 Dungeon Crawl Stone Soup version 0.26-a0-966-gd078a86f14 (console) character file.

Game seed: 15273953190852337222

30 Ignak the Ogre Mage (level 3, -8/32 HPs)
             Began as an Ogre Hedge Wizard on Dec 3, 2020.
             Mangled by Sigmund
             ... wielding a +0 scythe of venom
              (10 damage)
             ... on level 2 of the Dungeon.
             The game lasted 00:03:45 (1308 turns).

Ignak the Ogre Mage (Ogre Hedge Wizard)             Turns: 1308, Time: 00:03:46

Health: -8/32      AC:  6    Str: 14 (15) XL:     3   Next: 18%
Magic:  8/8        EV:  9    Int: 13 (15) God:
Gold:   35         SH:  5    Dex:  6 (8)  Spells: 2/10 levels left

rFire    . . .     SeeInvis .   m - +0 hand axe
rCold    + . .     Faith    .   (no shield)
rNeg     . . .     Spirit   .   b - +0 robe
rPois    .         Reflect  +   q - +2 hat
rElec    .         Harm     .   h - +0 cloak
rCorr    .         Rampage  .   (gloves unavailable)
MR       .....                  (boots unavailable)
Stlth    +.........             e - amulet of reflection
HPRegen  0.10/turn              (no ring)
MPRegen  0.11/turn              (no ring)

@: lethally poisoned (-8 -> -32), berserk cooldown, slowed, very slow
A: large, unfitting armour, blink, cold resistance 1, deterioration 1, tough
skin 1, wild magic 1
a: Blink


You were on level 2 of the Dungeon.
You visited 1 branch of the dungeon, and saw 2 of its levels.

You collected 35 gold pieces.

Inventory:

Hand Weapons
 a - a +0 club
 m - a +0 hand axe (weapon)
Missiles
 o - 30 poisoned darts (quivered)
Armour
 b - a +0 robe (worn)
 h - a +0 cloak (worn)
 q - a +2 hat (worn)
Jewellery
 e - an amulet of reflection (around neck)
Scrolls
 d - a scroll of immolation
 g - a scroll of amnesia {unknown}
 i - a scroll of remove curse
 k - a scroll of noise {unknown}
 l - a scroll of identify
 n - a scroll of magic mapping {unknown}


   Skills:
 + Level 0.7 Fighting
 + Level 0.2 Maces & Flails
 + Level 2.0 Dodging
 - Level 1.4 Stealth
 + Level 0.2 Unarmed Combat
 + Level 4.2 Spellcasting
 + Level 1.2 Conjurations
 - Level 1.0 Summonings
 - Level 1.0 Translocations


You had 2 spell levels left.
You knew the following spells:

 Your Spells              Type           Power        Failure   Level
a - Magic Dart            Conj           #...         17%         1
b - Blink                 Tloc           N/A          28%         2
d - Mephitic Cloud        Conj/Pois/Air  #.......     54%         3
e - Call Imp              Summ           #.......     28%         2

Your spell library contained the following spells:

 Spells                   Type           Power        Failure   Level
 Slow                     Hex            #.......     38%         2
 Conjure Flame            Conj/Fire      #.......     52%         3


Dungeon Overview and Level Annotations

Branches:
Dungeon (2/15)

Altars:

Annotations:
D:2 Robin, Sigmund


Innate Abilities, Weirdness & Mutations

You are too large for most types of armour.
You have tough skin. (AC +1)
You can translocate small distances at will.
Your flesh is cold resistant. (rC+)
Your body sometimes deteriorates upon taking damage.
Your spells are a little harder to cast, but a little more powerful.


Message History

You feel less in control of your magic.
You feel sick. Something hits you!
* * * LOW HITPOINT WARNING * * *
You are more poisoned.
The hobgoblin closely misses you.
As you read the scroll labelled HUHO WATADAI, it crumbles to dust.
The creatures around you are filled with an inner flame!
It was a scroll of immolation.
* * * LOW HITPOINT WARNING * * *
You feel sick. The hobgoblin closely misses you.
Something hits you but does no damage.
You are more poisoned.
The hobgoblin hits you but does no damage.
As you read the scroll labelled GIPHAT SEVASS, it crumbles to dust.
It is a scroll of identify.
i - a scroll of remove curse
* * * LOW HITPOINT WARNING * * *
You feel very sick. Something hits you!
You die...

#. ....# #. #...# #. #...# §
#. ##...##.#. #. #)........
#. ##......... #.##
#.....?....
.###.<############..........
......†........[@g..........
..####......######..........
. ..##......# #..........
#.......[[# #..........
####......# ##.........
#......# ##....... #......#
#..... #......# #...
#......#


You could see a hobgoblin (inner flame).

Vanquished Creatures
  2 dart slugs (D:1)
  A bat (D:1)
  A giant cockroach (D:1)
  4 goblins
  3 hobgoblins (D:1)
  3 kobolds (D:1)
  2 frilled lizards (D:1)
  4 rats
20 creatures vanquished.

Vanquished Creatures (collateral kills)
  A giant cockroach (D:1)
  3 goblins (D:1)
  2 kobolds (D:1)
6 creatures vanquished.

Grand Total: 26 creatures vanquished

Notes
Turn   | Place    | Note
-------+----------+-------------------------------------------
     0 | D:1      | Ignak the Ogre Hedge Wizard began the quest for the Orb.
     0 | D:1      | Reached XP level 1. HP: 16/16 MP: 5/5
    61 | D:1      | Reached skill level 1 in Conjurations
   150 | D:1      | Reached skill level 4 in Spellcasting
   150 | D:1      | Reached XP level 2. HP: 5/24 MP: 0/7
   388 | D:1      | Learned a level 2 spell: Blink
   391 | D:1      | Learned a level 2 spell: Call Imp
   633 | D:1      | Reached skill level 1 in Summonings
   994 | D:1      | Reached skill level 1 in Translocations
  1017 | D:1      | Reached XP level 3. HP: 27/32 MP: 5/8
  1027 | D:1      | Learned a level 3 spell: Mephitic Cloud
  1188 | D:2      | Noticed Robin
  1188 | D:2      | Noticed Sigmund
  1306 | D:2      | Gained mutation: Your body sometimes deteriorates upon
                  | taking damage. [potion of mutation]
  1306 | D:2      | Gained mutation: You can translocate small distances at
                  | will. [potion of mutation]
  1306 | D:2      | Gained mutation: Your flesh is cold resistant. (rC+)
                  | [potion of mutation]
  1306 | D:2      | Gained mutation: Your spells are a little harder to cast,
                  | but a little more powerful. [potion of mutation]
  1308 | D:2      | Mangled by Sigmund

Illustrated notes

Levels and vault maps discovered:
D:1:      dpeg_arrival_concentric_ovals, layout_rooms, serial_glass,
          glass_columns_c, glass_columns_a, minmay_strange_pillars,
          due_unseen_surprise, item_on_display_a
D:2:      layout_rooms, lemuel_doored_altar, lemuel_crystal_altar,
          grunt_dithmenos_smoke, uniq_robin, uniq_sigmund

Skill      XL: |  1  2  3 |
---------------+----------+-----
Conjurations   | 1 |  1.2
Spellcasting   | 4 |  4.2
Summonings     | 1 |  1.0
Translocations | 1 |  1.0
Dodging        | 2 |  2.0
Fighting       | |  0.7
Maces & Flails | |  0.2
Stealth        | |  1.4
Unarmed Combat | |  0.2

Action                   || total
-------------------------++-------
Melee: Dagger            ||    17
       Hand axe          ||    49
 Cast: Magic Dart        ||    13
       Call Imp          ||     6
  Use: Potion            ||     3
       Scroll            ||     2
 Stab: Sleeping          ||     1
Armor: Robe              ||    22
Dodge: Dodged            ||    49
Block: Other             ||    24
       Reflection        ||     1

Table legend: (Time is in decaauts)
 A = Elapsed time spent in this place.
 B = Non-inter-level travel time spent in this place.
 C = Inter-level travel time spent in this place.
 D = Time resting spent in this place.
 E = Time spent auto-exploring this place.
 F = Levels seen in this place.
 G = Mean time per level.
                   A        B        C        D        E       F      G
               +--------+--------+--------+--------+--------+-----+--------+
         Total |   1323 |   1291 |     32 |    326 |    567 |   2 |  661.5 |
       Dungeon |   1323 |   1291 |     32 |    326 |    567 |   2 |  661.5 |
               +--------+--------+--------+--------+--------+-----+--------+

Top non-repeatable levels by time:
     D:1: 1268 daAuts
     D:2: 55 daAuts
